 Dungeon Crawl Stone Soup version 0.21.1-1-g345015f (webtiles) character file.

85 olivier the Covered (level 4, -9/29 HPs)
             Began as a Gargoyle Fighter on May 25, 2018.
             Mangled by an ogre
             ... wielding a +0 giant club
              (14 damage)
             ... on level 2 of the Dungeon.
             The game lasted 00:05:31 (1709 turns).

olivier the Covered (Gargoyle Fighter)              Turns: 1709, Time: 00:05:32

Health: -9/29      AC: 19    Str: 20    XL:     4   Next: 48%
Magic:  4/4        EV:  5    Int:  8    God:
Gold:   140        SH:  9    Dex: 10    Spells: 3/3 levels left

rFire    . . .     SeeInvis .   a - +0 flail
rCold    + . .     Gourm    .   c - +0 shield
rNeg     + . .     Faith    .   e - +2 chain mail {rC+}
rPois    ∞         Spirit   .   b - +0 helmet
rElec    +         Reflect  .   o - +1 cloak
rCorr    .         Harm     .   k - +0 pair of gloves
MR       .....                  (no boots)
Stlth    ..........             (no amulet)
HPRegen  0.09/turn              (no ring)
MPRegen  0.09/turn              (no ring)

@: no status effects
A: negative energy resistance 1, electricity resistance, unbreathing,
petrification resistance, rot immunity, AC +3
a: no special abilities


You were on level 2 of the Dungeon.
You were not hungry.

You visited 1 branch of the dungeon, and saw 2 of its levels.

You collected 140 gold pieces.

Inventory:

Hand Weapons
 a - a +0 flail (weapon)
Armour
 b - a +0 helmet (worn)
 c - a +0 shield (worn)
 e - a +2 chain mail of cold resistance (worn)
 k - a +0 pair of gloves (worn)
 o - a +1 cloak (worn)
Jewellery
 n - an uncursed amulet of harm {unknown}
Scrolls
 h - a scroll of noise {unknown}
 l - a scroll of remove curse {unknown}
 p - a scroll of identify {unknown}
 r - a scroll of teleportation {unknown}
Potions
 d - 2 potions of might
 g - 4 potions of curing {unknown}
 i - a potion of degeneration {unknown}
 j - a potion of brilliance {unknown}
 m - a potion of mutation {unknown}
 q - a potion of agility {unknown}
Comestibles
 f - a ration


   Skills:
 + Level 3.7 Fighting
 + Level 2.9 Maces & Flails
 + Level 4.0 Armour
 + Level 0.4 Dodging
 + Level 0.1 Stealth
 + Level 4.0 Shields


You had 3 spell levels left.
You didn't know any spells.

Dungeon Overview and Level Annotations

Branches:
Dungeon (2/15)

Altars:


Innate Abilities, Weirdness & Mutations

You are resistant to torment.
Your stone body is resilient. (AC +3)
You are immune to poison.
You resist negative energy. (rN+)
You are resistant to electric shocks. (rElec)
You can survive without breathing.
You are immune to petrification.
You are immune to rotting.


Message History

You kill Natasha!
Natasha screams in pain as she dies!
Your Armour skill increases to level 4!
Your Shields skill increases to level 4!
You feel yourself speed up. The ogre hits you but does no damage.
Your chain mail prevents you from hitting the ogre.
The ogre hits you with a giant club!
Your shield and chain mail prevent you from hitting the ogre.
The ogre hits you with a giant club!
Ouch! That really hurt!
* * * LOW HITPOINT WARNING * * *
You sock the ogre!
The ogre is severely wounded.
You block the ogre's attack.
There is a stone staircase leading down here.
There is an escape hatch in the floor here.
There is a stone staircase leading up here.
The ogre hits you with a giant club!
You die...

.###.# #.# #>#.# .# #.#
#.# #.#.# ## #.# #.#
#.#.# ####.###.#########
#.#.# .....(...........#
#.#.# ####..##########.#
#.#.# ####..##########.#
#.#.# ......[.......##.#
#.#.#
.###.)#######.##@###.#.#
........)...#.##O#.....#
####..#####.#.##.#.###.#
#..#####.#......# #.#
...............#.###.#
##########.######.....#
#..........###
############


You could see an ogre.

Vanquished Creatures
  Natasha (twice) (D:2)
  An adder (D:2)
  2 leopard geckos (D:1)
  6 bats
  A giant cockroach (D:2)
  3 goblins
  2 hobgoblins
  2 kobolds
  A quokka (D:2)
  A frilled lizard (D:1)
  5 rats
26 creatures vanquished.

Notes
Turn   | Place    | Note
-------+----------+-------------------------------------------
     0 | D:1      | olivier the Gargoyle Fighter began the quest for the Orb.
     0 | D:1      | Reached XP level 1. HP: 14/14 MP: 1/1
   141 | D:1      | You fall through a shaft!
   161 | D:2      | Reached XP level 2. HP: 7/19 MP: 2/2
  1195 | D:2      | Reached XP level 3. HP: 23/23 MP: 3/3
  1260 | D:2      | Noticed Natasha
  1296 | D:2      | Killed Natasha
  1296 | D:2      | Reached XP level 4. HP: 6/28 MP: 4/4
  1640 | D:2      | Noticed Natasha
  1661 | D:2      | Noticed an ogre
  1661 | D:2      | Killed Natasha
  1672 | D:2      | HP: 1/29 [ogre/giant club (17)]
  1709 | D:2      | Mangled by an ogre

Skill      XL: |  1  2  3  4 |
---------------+-------------+-----
Armour         | 4 |  4.0
Shields        | 4 |  4.0
Fighting       | |  3.7
Maces & Flails | |  2.9
Dodging        | |  0.4
Stealth        | |  0.1

Action                   |  1- 3 |  4- 6 || total
-------------------------+-------+-------++-------
Melee: Flail             |   134 |    23 ||   157
  Eat: Chunk             |     1 |     1 ||     2
       Ration            |       |     1 ||     1
Armor: Chain mail        |   114 |    18 ||   132
Dodge: Dodged            |    40 |     3 ||    43
Block: Shield            |    94 |     9 ||   103
